 Dungeon Crawl Stone Soup version 0.16-a0-2034-ge585701 (webtiles) character file.

3728 Fiveotanaka the Basher (level 9, -2/71 HPs)
             Began as a Minotaur Fighter on Nov 10, 2014.
             Was an Initiate of Ru.
             Slain by an ice beast (9 damage)
             ... on level 9 of the Dungeon.
             The game lasted 00:24:04 (7195 turns).

Fiveotanaka the Basher (Minotaur Fighter)           Turns: 7195, Time: 00:24:04

Health: -2/71      AC: 18    Str: 21    XL:     9   Next: 92%
Magic:  4/4        EV:  7    Int:  3    God:    Ru [......]
Gold:   484        SH:  9    Dex: 13    Spells: 0 memorised, 8 levels left

rFire  . . .     SeeInvis .     I - +1 flail (protect)
rCold  . . .     Clarity  .     b - +0 scale mail
rNeg   + . .     SustAb   .     c - +0 shield
rPois  +         Gourm    .     (helmet restricted)
rElec  .         Spirit   .     J - +2 cloak
rCorr  .         Warding  +     (no gloves)
rMut   .         Stasis   .     y - +0 pair of boots
MR     .....                    i - amulet of warding
Stlth  ..........               (no ring)
                                (no ring)

@: lethally poisoned, short of breath, slowed, very slow, not resistant to
hostile enchantments, extremely unstealthy
A: retaliatory headbutt, horns 2, deterioration 1, dopey 1, poison resistance,
screaming 1
a: Renounce Religion


You were on level 9 of the Dungeon.
You worshipped Ru.
Ru was noncommittal.
You were hungry.

You visited 2 branches of the dungeon, and saw 10 of its levels.

You collected 484 gold pieces.

Inventory:

Hand weapons
 I - a +1 flail of protection (weapon)
Armour
 b - a +0 scale mail (worn)
 c - a +0 shield (worn)
 y - a +0 pair of boots (worn)
 J - a +2 cloak (worn)
Jewellery
 i - an amulet of warding (around neck)
 G - a cursed amulet of inaccuracy {unknown}
Magical devices
 N - a wand of teleportation (5)
 O - a wand of frost (22)
 P - a wand of polymorph (7)
Scrolls
 f - a scroll of remove curse
 g - a scroll of magic mapping {unknown}
 h - 2 scrolls of recharging
 j - 2 scrolls of identify
 k - a scroll of fog
 q - 3 scrolls of teleportation
 u - a scroll of enchant weapon {unknown}
 x - 2 scrolls of blinking {unknown}
 E - 2 scrolls of random uselessness {unknown}
 F - 3 scrolls of fear {unknown}
 K - 2 scrolls of summoning {unknown}
 L - a scroll of immolation {unknown}
 R - a scroll of amnesia {unknown}
Potions
 e - 2 potions of might
 m - a potion of invisibility {unknown}
 n - 2 potions of cure mutation
 p - 3 potions of brilliance
 r - a potion of agility {unknown}
 s - 2 potions of mutation
 v - a potion of berserk rage {unknown}
 z - 3 potions of magic
 A - a potion of degeneration {unknown}
 B - 2 potions of restore abilities {unknown}
 C - 2 potions of curing {unknown}
 D - a potion of cancellation {unknown}
 M - a potion of haste {unknown}
Books
 Q - a book of the Tempests

   Spells                             Type                      Level
   Static Discharge                   Conjuration/Air              3
   Lightning Bolt                     Conjuration/Air              5
   Fireball                           Conjuration/Fire             5
   Tornado                            Air                          9
   Shatter                            Earth                        9
Comestibles
 d - 5 bread rations
 l - 2 slices of pizza
 o - 5 meat rations
 t - 4 fruits
 w - a beef jerky
 H - a royal jelly


   Skills:
 - Level 3.7 Fighting
 - Level 14.0 Maces & Flails
 + Level 9.7 Armour
 - Level 3.6 Shields


You had 8 spell levels left.
You didn't know any spells.

Dungeon Overview and Level Annotations

Branches:
Dungeon (9/15)             Temple (1/1) D:4            Lair (0/8) D:8
    Orc: D:9-12

Altars:
Ashenzari
Cheibriados
Elyvilon
Fedhas
Gozag
Kikubaaqudgha
Makhleb
Okawaru
Ru
Sif Muna
Trog
Vehumet
Xom
Zin
The Shining One


Innate Abilities, Weirdness & Mutations

You reflexively headbutt those who attack you in melee.
You have a pair of horns on your head.
Your body is slowly deteriorating.
You are dopey. (Int -2)
Your system is resistant to poisons.
You occasionally shout uncontrollably at your foes.


Message History

* * * LOW HITPOINT WARNING * * *
You block the orc's attack.
You closely miss the orc warrior. You headbutt the orc warrior.
The orc warrior is severely wounded.
* * * LOW HITPOINT WARNING * * *
You feel sick. The orc closely misses you. You block the orc warrior's attack.
You sock the orc warrior!
You kill the orc warrior!
You feel sick. The orc barely misses you.
Drink which item? (? for menu, Esc to quit)
You feel extremely strange.
You feel stupid.
You feel the urge to shout.
You feel resistant to poisons.
It was a potion of mutation.
You feel sick. The orc hits you but does no damage.
The ice beast hits you but does no damage.
You block the giant gecko's attack. You block the orc's attack.
You barely miss the ice beast.
You feel sick. The ice beast hits you.
* * * LOW HITPOINT WARNING * * *
The ice beast freezes you!
You die...

##### ...
(.. #.# #Y#
#@#
#...ol..#
#........###
#.####...#
...## .#...
...<. # ....
...


You could see an ice beast, an orc and a giant gecko.

Vanquished Creatures
  The ghost of zzxc the Slicer, an experienced HaAK of Lugonu (D:8)
  A centaur skeleton (D:7)
  Edmund (D:5)
  Menkaure (D:4)
  A hungry ghost (D:8)
  A water moccasin (D:5)
  An ice beast (D:5)
  2 phantoms
  An orc warrior (D:9)
  2 sky beasts
  An eye of draining (D:6)
  3 ogres
  A big kobold (D:8)
  Duvessa (D:4)
  2 centaurs (D:6)
  3 giant frogs
  3 scorpions
  Dowan (D:4)
  A giant frog skeleton (D:5)
  2 jellies
  3 crimson imps
  3 iguanas
  3 orc priests
  2 worker ants
  A hound (D:6)
  An orc wizard (D:3)
  A big kobold skeleton (D:7)
  A hound skeleton (D:7)
  11 gnolls
  A worker ant zombie (D:6)
  15 adders
  A giant mite (D:2)
  A shadow imp (D:4)
  A goliath beetle zombie (D:6)
  3 worms
  3 giant geckos
  13 orcs
  A ball python (D:3)
  A bat skeleton (D:5)
  8 goblins
  14 hobgoblins
  6 jackals
  13 kobolds
  A ball python zombie (D:6)
  14 bats
  8 giant cockroaches
  A giant cockroach zombie (D:5)
  5 giant newts
  A hobgoblin skeleton (D:6)
  A kobold zombie (D:6)
  2 quokkas
  18 rats
  A rat zombie (D:3)
189 creatures vanquished.

Vanquished Creatures (others)
  A giant spore (D:8)
1 creature vanquished.

Grand Total: 190 creatures vanquished

Notes
Turn   | Place    | Note
--------------------------------------------------------------
     0 | D:1      | Fiveotanaka, the Minotaur Fighter, began the quest for the Orb.
     0 | D:1      | Reached XP level 1. HP: 19/19 MP: 1/1
   216 | D:1      | Reached XP level 2. HP: 22/27 MP: 1/1
   811 | D:2      | Reached skill level 4 in Maces & Flails
   888 | D:2      | Reached XP level 3. HP: 33/33 MP: 2/2
  1034 | D:2      | Reached skill level 5 in Maces & Flails
  1300 | D:2      | Noticed a moth of wrath
  1307 | D:2      | Found a bloodstained altar of Trog.
  1359 | D:2      | Reached XP level 4. HP: 40/40 MP: 2/2
  1596 | D:3      | Reached skill level 6 in Maces & Flails
  1786 | D:3      | Found an ancient bone altar of Kikubaaqudgha.
  1858 | D:3      | Reached XP level 5. HP: 40/46 MP: 2/2
  1921 | D:3      | Found a deep blue altar of Sif Muna.
  2320 | D:3      | Reached skill level 7 in Maces & Flails
  2597 | D:4      | Found a blossoming altar of Fedhas.
  2634 | D:4      | Reached XP level 6. HP: 49/52 MP: 3/3
  2709 | D:4      | Noticed Menkaure
  2714 | D:4      | Killed Menkaure
  2714 | D:4      | Reached skill level 8 in Maces & Flails
  2953 | D:4      | Noticed Duvessa
  2980 | D:4      | Killed Duvessa
  2980 | D:4      | Reached skill level 9 in Maces & Flails
  2983 | D:4      | Noticed Dowan
  3257 | D:4      | Killed Dowan
  3257 | D:4      | Reached XP level 7. HP: 37/58 MP: 3/3
  3544 | D:4      | Found a staircase to the Ecumenical Temple.
  3550 | Temple   | Entered the Ecumenical Temple
  3928 | D:5      | Entered Level 5 of the Dungeon
  4316 | D:5      | Noticed Edmund
  4352 | D:5      | Killed Edmund
  4352 | D:5      | Reached skill level 10 in Maces & Flails
  4655 | D:5      | Reached skill level 11 in Maces & Flails
  4664 | D:5      | Reached XP level 8. HP: 44/66 MP: 3/3
  5150 | D:5      | Reached skill level 12 in Maces & Flails
  5623 | D:6      | Found a white marble altar of Elyvilon.
  5650 | D:6      | Gained mutation: Your body is slowly deteriorating. [mutagenic meat]
  5746 | D:6      | Reached skill level 13 in Maces & Flails
  6113 | D:6      | Reached XP level 9. HP: 71/71 MP: 4/4
  6316 | D:7      | Found a sacrificial altar of Ru.
  6324 | D:7      | Became a worshipper of Ru the Awakened
  6614 | D:7      | Reached skill level 14 in Maces & Flails
  6639 | D:7      | Noticed a centaur skeleton
  6646 | D:7      | Killed a centaur skeleton
  6646 | D:7      | Reached skill level 5 in Armour
  6767 | D:8      | Found a staircase to the Lair.
  6803 | D:8      | Found a snail-covered altar of Cheibriados.
  6816 | D:8      | Noticed zzxc's ghost (experienced HaAK)
  6873 | D:8      | Killed zzxc's ghost
  6876 | D:8      | Found a radiant altar of Vehumet.
  7051 | D:8      | Found a glowing silver altar of Zin.
  7194 | D:9      | Gained mutation: You are dopey. (Int -2) [potion of mutation]
  7194 | D:9      | Gained mutation: You occasionally shout uncontrollably at your foes. [potion of mutation]
  7194 | D:9      | Gained mutation: Your system is resistant to poisons. [potion of mutation]
  7195 | D:9      | Slain by an ice beast

Action                   |  1- 3 |  4- 6 |  7- 9 || total
-------------------------+-------+-------+-------++-------
Melee: Flail             |    82 |   193 |   373 ||   648
  Use: Scroll            |       |     4 |     5 ||     9
       Potion            |       |       |     2 ||     2
  Eat: Chunk             |     1 |     6 |    14 ||    21
